 Dungeon Crawl Stone Soup version 0.26-a0-1184-g95e395e029 (webtiles) character file.

Game seed: 12796279010731251811

69 jestyr24 the Conjurer (level 4, 0/24 HPs)
             Began as a Deep Elf Conjurer on Dec 27, 2020.
             Succumbed to an adder's poison
             ... on level 2 of the Dungeon.
             The game lasted 00:07:50 (1452 turns).

jestyr24 the Conjurer (Deep Elf Conjurer)           Turns: 1452, Time: 00:07:51

Health: 0/24       AC:  2    Str:  4    XL:     4   Next: 2%
Magic:  10/10      EV: 13    Int: 24    God:
Gold:   112        SH:  0    Dex: 13    Spells: 6/9 levels left

rFire    . . .     SeeInvis .   c - +3 dagger (venom)
rCold    . . .     Faith    .   (no shield)
rNeg     . . .     Spirit   .   h - +0 robe
rPois    .         Reflect  .   (no helmet)
rElec    .         Harm     .   (no cloak)
rCorr    .         Rampage  .   (no gloves)
Will     .....                  (no boots)
Stlth    ++........             (no amulet)
HPRegen  0.08/turn              (no ring)
MPRegen  0.12/turn              (no ring)

@: brilliant, lethally poisoned (0 -> -5), flying
A: no striking features
a: no special abilities


You were on level 2 of the Dungeon.
You visited 1 branch of the dungeon, and saw 2 of its levels.

You collected 112 gold pieces.

Inventory:

Hand Weapons
 c - a +3 dagger of venom (weapon)
Missiles
 k - 14 poisoned darts
 l - 5 boomerangs
Armour
 a - a +0 robe
 h - a +0 robe (worn)
Scrolls
 d - 4 scrolls of identify
 j - 2 scrolls of remove curse
Potions
 m - a potion of flight


   Skills:
 + Level 3.6 Dodging
 + Level 3.8 Stealth
 - Level 3.0 Spellcasting
 - Level 5.0 Conjurations


You had 6 spell levels left.
You knew the following spells:

 Your Spells              Type           Power        Failure   Level
a - Magic Dart            Conj           100%         1%          1
b - Searing Ray           Conj           82%          1%          2

Your spell library contained the following spells:

 Spells                   Type           Power        Failure   Level
 Dazzling Flash           Conj/Hex       46%          12%         3
 Fulminant Prism          Conj/Hex       11%          36%         4
 Iskenderun's Mystic Bla  Conj/Tloc      23%          36%         4


Dungeon Overview and Level Annotations

Branches:
Dungeon (2/15)

Altars:


Message History

As you read the scroll labelled VUEPPA HIDEW, it crumbles to dust.
The air around you briefly surges with heat, but it dissipates.
It was a scroll of immolation.
* * * LOW HITPOINT WARNING * * *
You feel sick.
As you read the scroll labelled BODELA HIWO, it crumbles to dust.
You assume a fearsome visage.
Nothing appears to happen.
It was a scroll of fear.
* * * LOW HITPOINT WARNING * * *
You feel sick.
Found a robe.
You see here an adder corpse.
* * * LOW HITPOINT WARNING * * *
You feel sick.
Found a stone staircase leading down.
* * * LOW HITPOINT WARNING * * *
You feel sick.
Found a stone staircase leading up.
A kobold comes into view. It is wielding a +0 short sword.
You die...

#...# **********,,,**,*
##<.######....,,,,,,>,,,,*
#............,,,**,,,****
##........K.#**,**,,,******
###..###.#.# *,**,,,*,*,*, #..#
#<#.# *,***,,,,,,,, #######
#..###.#.###,* *,,*,**+*
......####........>.#.##*,*,,*,,,
#####....†......@.......,,,*,+,,,
######.#####..#.....,,,,,*,,, #.#
#..#**.##****,**+* #.# #..# *,*
*,,,,,, #[# #..# *,* **,*,*,
#.#***#..#**,* ******
#..,,,....,,,* ******
###***#..#******,,,,**
*,,,,,,,,,,,,,,*


There were no monsters in sight!

Vanquished Creatures
  3 adders (D:2)
  An ooze (D:1)
  A dart slug (D:1)
  2 leopard geckos (D:2)
  A giant cockroach (D:1)
  5 goblins
  3 hobgoblins
  6 kobolds
  A quokka (D:2)
  4 bats
  3 frilled lizards
  5 rats (D:1)
35 creatures vanquished.

Notes
Turn   | Place    | Note
-------+----------+-------------------------------------------
     0 | D:1      | jestyr24 the Deep Elf Conjurer began the quest for the Orb.
     0 | D:1      | Reached XP level 1. HP: 10/10 MP: 6/6
   273 | D:1      | Reached XP level 2. HP: 12/15 MP: 4/8
   276 | D:1      | Learned a level 2 spell: Searing Ray
   536 | D:1      | Reached skill level 5 in Conjurations
  1057 | D:2      | Reached XP level 3. HP: 19/19 MP: 7/9
  1437 | D:2      | Reached XP level 4. HP: 9/24 MP: 10/10
  1449 | D:2      | HP: 1/24 [poisoned by an adder]
  1452 | D:2      | Succumbed to an adder's poison

Illustrated notes

Levels and vault maps discovered:
D:1:      lightli_arrival_farm, layout_basic, glass_columns_a
D:2:      minmay_spotlight, layout_loops_ring, minmay_misc_feat_doors

Skill      XL: |  1  2  3 |
---------------+----------+-----
Conjurations   | 5 |  5.0
Dodging        | 3 |  3.6
Stealth        | 3 |  3.8
Spellcasting   | |  3.0

Action                   |  1- 3 |  4- 6 || total
-------------------------+-------+-------++-------
Melee: Unarmed           |     5 |       ||     5
       Dagger            |    16 |       ||    16
 Cast: Magic Dart        |    47 |       ||    47
       Searing Ray       |     1 |       ||     1
  Use: Scroll            |       |     6 ||     6
       Potion            |       |     2 ||     2
 Stab: Sleeping          |     4 |       ||     4
       Distracted        |     1 |       ||     1
Armor: Robe              |     4 |       ||     4
Dodge: Dodged            |    20 |       ||    20

Table legend: (Time is in decaauts)
 A = Elapsed time spent in this place.
 B = Non-inter-level travel time spent in this place.
 C = Inter-level travel time spent in this place.
 D = Time resting spent in this place.
 E = Time spent auto-exploring this place.
 F = Levels seen in this place.
 G = Mean time per level.
                   A        B        C        D        E       F      G
               +--------+--------+--------+--------+--------+-----+--------+
         Total |   1474 |   1449 |     25 |    324 |    803 |   2 |  737.0 |
       Dungeon |   1474 |   1449 |     25 |    324 |    803 |   2 |  737.0 |
               +--------+--------+--------+--------+--------+-----+--------+

Top non-repeatable levels by time:
     D:1: 1007 daAuts
     D:2: 466 daAuts
